TOP OF THE 1ST |
Batavia Muckdogs batting - Pitching for Hillsboro Hops : RHP Adam Maida
|
Pitching: RHP Adam Maida
|
|
Batting: LHB David Doge
|
0-0: Ball 1-0: Ball 2-0: Ground out 4-3 (Groundball, 4, EV 110.6 MPH)
|
Batting: RHB Jeremy Dennis
|
0-0: Swinging Strike 0-1: Ball 1-1: Foul Ball, location: 2F 1-2: Strikes out looking
|
Batting: RHB Tony Stedman
|
0-0: Ground out 6-3 (Groundball, 4M, EV 86.2 MPH)
|
Top of the 1st over - 0 runs, 0 hits, 0 errors, 0 left on base; Batavia 0 - Hillsboro 0 |
BOTTOM OF THE 1ST |
Hillsboro Hops batting - Pitching for Batavia Muckdogs : LHP Tyler Murders
|
Pitching: LHP Tyler Murders
|
|
Batting: RHB Brandon Joshua
|
0-0: Ball 1-0: SINGLE (Groundball, 34S, EV 65.6 MPH) (infield hit)
|
Batting: LHB Soo-yeon Kym
|
0-0: Called Strike 0-1: Ball 1-1: SINGLE (Groundball, 4MD, EV 93.8 MPH) Brandon Joshua to second
|
Batting: RHB Chad Mendoza
|
0-0: Called Strike 0-1: Foul Ball, location: 2F 0-2: Grounds into double play, 4-6-3 (Groundball, 4, EV 96.2 MPH) Brandon Joshua to third
|
Batting: RHB Larry Hardman
|
0-0: Foul Ball, location: 2F 0-1: Foul Ball, location: 2F 0-2: Foul Ball, location: 2F 0-2: Ball 1-2: Foul Ball, location: 2F 1-2: Ball 2-2: Ball 3-2: Foul Ball, location: 2F 3-2: Fly out, F8 (Flyball, 8RXD, EV 76.2 MPH)
|
Bottom of the 1st over - 0 runs, 2 hits, 0 errors, 1 left on base; Batavia 0 - Hillsboro 0 |
TOP OF THE 2ND |
Batavia Muckdogs batting - Pitching for Hillsboro Hops : RHP Adam Maida
|
Batting: RHB Len Graham
|
0-0: Ball 1-0: Called Strike 1-1: Foul Ball, location: 2F 1-2: Strikes out swinging
|
Batting: RHB Jim Fisher
|
0-0: Ground out 5-3 (Groundball, 56, EV 107.5 MPH)
|
Batting: RHB J.D. Vander Klok
|
0-0: Called Strike 0-1: Ball 1-1: Ball 2-1: Foul Ball, location: 2F 2-2: Foul Ball, location: 2F 2-2: Ground out 1-3 (Groundball, 13S, EV 71.2 MPH)
|
Top of the 2nd over - 0 runs, 0 hits, 0 errors, 0 left on base; Batavia 0 - Hillsboro 0 |
BOTTOM OF THE 2ND |
Hillsboro Hops batting - Pitching for Batavia Muckdogs : LHP Tyler Murders
|
Batting: LHB Dillon Rizzuto
|
0-0: Swinging Strike 0-1: Ball 1-1: Called Strike 1-2: Ball 2-2: Ball 3-2: Strikes out swinging
|
Batting: RHB Jeremy Coffey
|
0-0: SINGLE (Groundball, 25, EV 75.0 MPH) (infield hit)
|
Batting: RHB Yasuo Nakata
|
0-0: Ball 1-0: Called Strike 1-1: Ball 2-1: Ball 3-1: Base on Balls Jeremy Coffey to second
|
Batting: RHB Bryan Shuller
|
0-0: Ball 1-0: Called Strike 1-1: Foul Ball, location: 2F 1-2: Strikes out swinging
|
Batting: RHB Larry Valencia
|
0-0: Called Strike 0-1: Foul Ball, location: 2F 0-2: Foul Ball, location: 2F 0-2: Ball 1-2: Foul Ball, location: 2F 1-2: SINGLE (Groundball, 4MD, EV 100.0 MPH) Jeremy Coffey to third Yasuo Nakata to second Runner from 3rd tries for Home, SAFE, throw by CF to home
|
Batting: RHB Brandon Joshua
|
0-0: Ball 1-0: Ball 2-0: Foul Ball, location: 2F 2-1: Called Strike 2-2: Ground out 5-3 (Groundball, 56S, EV 85.6 MPH)
|
Bottom of the 2nd over - 1 run, 2 hits, 0 errors, 2 left on base; Batavia 0 - Hillsboro 1 |
TOP OF THE 3RD |
Batavia Muckdogs batting - Pitching for Hillsboro Hops : RHP Adam Maida
|
Batting: RHB Bob Raine
|
0-0: Called Strike 0-1: Ground out 5-3 (Groundball, 56, EV 108.8 MPH)
|
Batting: SHB Yoo-chul Jung
|
0-0: Called Strike 0-1: Ball 1-1: Called Strike 1-2: Ball 2-2: Ball 3-2: Strikes out looking
|
Batting: RHB Wilson Valdez
|
0-0: Swinging Strike 0-1: Called Strike 0-2: Strikes out swinging
|
Top of the 3rd over - 0 runs, 0 hits, 0 errors, 0 left on base; Batavia 0 - Hillsboro 1 |
BOTTOM OF THE 3RD |
Hillsboro Hops batting - Pitching for Batavia Muckdogs : LHP Tyler Murders
|
Batting: LHB Soo-yeon Kym
|
0-0: Called Strike 0-1: Foul Ball, location: 2F 0-2: Ball 1-2: Strikes out looking
|
Batting: RHB Chad Mendoza
|
0-0: Ball 1-0: Ball 2-0: Swinging Strike 2-1: Swinging Strike 2-2: Strikes out swinging
|
Batting: RHB Larry Hardman
|
0-0: Fly out, F6 (Flyball, 56D, EV 95.0 MPH)
|
Bottom of the 3rd over - 0 runs, 0 hits, 0 errors, 0 left on base; Batavia 0 - Hillsboro 1 |
TOP OF THE 4TH |
Batavia Muckdogs batting - Pitching for Hillsboro Hops : RHP Adam Maida
|
Batting: LHB David Doge
|
0-0: Swinging Strike 0-1: Fly out, F9 (Flyball, 89S, EV 80.0 MPH)
|
Batting: RHB Jeremy Dennis
|
0-0: Called Strike 0-1: Foul Ball, location: 2F 0-2: Strikes out swinging
|
Batting: RHB Tony Stedman
|
0-0: Ball 1-0: Ball 2-0: Foul Ball, location: 2F 2-1: Fly out, F9 (Flyball, 9S, EV 88.1 MPH)
|
Top of the 4th over - 0 runs, 0 hits, 0 errors, 0 left on base; Batavia 0 - Hillsboro 1 |
BOTTOM OF THE 4TH |
Hillsboro Hops batting - Pitching for Batavia Muckdogs : LHP Tyler Murders
|
Batting: LHB Dillon Rizzuto
|
0-0: Swinging Strike 0-1: Swinging Strike 0-2: Strikes out swinging
|
Batting: RHB Jeremy Coffey
|
0-0: Ball 1-0: Called Strike 1-1: Swinging Strike 1-2: Strikes out looking
|
Batting: RHB Yasuo Nakata
|
0-0: Ball 1-0: Swinging Strike 1-1: Ball 2-1: Swinging Strike 2-2: Ball 3-2: Base on Balls
|
Batting: RHB Bryan Shuller
|
0-0: Ball 1-0: Ball 2-0: DOUBLE (Flyball, 89D, EV 103.1 MPH) Yasuo Nakata to third Runner from 3rd tries for Home, SAFE, no throw by RF
|
Batting: RHB Larry Valencia
|
0-0: Fly out, F9 (Flyball, 9, EV 99.4 MPH)
|
Bottom of the 4th over - 1 run, 1 hit, 0 errors, 1 left on base; Batavia 0 - Hillsboro 2 |
TOP OF THE 5TH |
Batavia Muckdogs batting - Pitching for Hillsboro Hops : RHP Adam Maida
|
Batting: RHB Len Graham
|
0-0: Fly out, F9 (Flyball, 89D, EV 103.1 MPH)
|
Batting: RHB Jim Fisher
|
0-0: Ball 1-0: Ground out 6-3 (Groundball, 6, EV 78.8 MPH)
|
Batting: RHB J.D. Vander Klok
|
0-0: Ball 1-0: Swinging Strike 1-1: Foul Ball, location: 2F 1-2: Ground out 6-3 (Groundball, 6, EV 105.0 MPH)
|
Top of the 5th over - 0 runs, 0 hits, 0 errors, 0 left on base; Batavia 0 - Hillsboro 2 |
BOTTOM OF THE 5TH |
Hillsboro Hops batting - Pitching for Batavia Muckdogs : LHP Tyler Murders
|
Batting: RHB Brandon Joshua
|
0-0: Foul Ball, location: 2F 0-1: Foul Ball, location: 2F 0-2: Ball 1-2: Foul Ball, location: 2F 1-2: Foul Ball, location: 2F 1-2: Strikes out swinging
|
Batting: LHB Soo-yeon Kym
|
0-0: Called Strike 0-1: Swinging Strike 0-2: Foul Ball, location: 2F 0-2: Ball 1-2: Ball 2-2: Strikes out looking
|
Batting: RHB Chad Mendoza
|
0-0: Ball 1-0: Called Strike 1-1: Fly out, F8 (Flyball, 8LM, EV 91.2 MPH)
|
Bottom of the 5th over - 0 runs, 0 hits, 0 errors, 0 left on base; Batavia 0 - Hillsboro 2 |
TOP OF THE 6TH |
Batavia Muckdogs batting - Pitching for Hillsboro Hops : RHP Adam Maida
|
Batting: RHB Bob Raine
|
0-0: Called Strike 0-1: Called Strike 0-2: SINGLE (Groundball, 56D, EV 102.5 MPH)
|
Batting: SHB Yoo-chul Jung
|
0-0: Foul Ball, location: 2F 0-1: Ball 1-1: Ball 2-1: Called Strike 2-2: Foul Ball, location: 2F 2-2: Strikes out looking
|
Pitching: LHP Heath Henderson
|
|
Batting: RHB Wilson Valdez
|
0-0: Ball 1-0: Ball 2-0: Called Strike 2-1: Grounds into double play, 4-6-3 (Groundball, 34, EV 79.4 MPH)
|
Top of the 6th over - 0 runs, 1 hit, 0 errors, 0 left on base; Batavia 0 - Hillsboro 2 |
BOTTOM OF THE 6TH |
Hillsboro Hops batting - Pitching for Batavia Muckdogs : LHP Tyler Murders
|
Batting: RHB Larry Hardman
|
0-0: Ball 1-0: Ball 2-0: Foul Ball, location: 2F 2-1: Ball 3-1: Ground out U3 (Groundball, 34S, EV 82.5 MPH)
|
Batting: LHB Dillon Rizzuto
|
0-0: Ball 1-0: Foul Ball, location: 2F 1-1: Foul Ball, location: 2F 1-2: Strikes out swinging
|
Batting: RHB Jeremy Coffey
|
0-0: SINGLE (Line Drive, 4MD, EV 96.2 MPH)
|
Pitching: RHP Mike Yorke
|
|
Batting: RHB Yasuo Nakata
|
0-0: Called Strike 0-1: Ball Wild Pitch! Jeremy Coffey to second 1-1: Ball 2-1: Foul Ball, location: 2F 2-2: Foul Ball, location: 2F 2-2: SINGLE (Groundball, 34D, EV 100.0 MPH) Jeremy Coffey to third
|
Batting: RHB Bryan Shuller
|
0-0: Ball 1-0: Called Strike 1-1: Foul Ball, location: 2F 1-2: Ball 2-2: Strikes out looking
|
Bottom of the 6th over - 0 runs, 2 hits, 0 errors, 2 left on base; Batavia 0 - Hillsboro 2 |
TOP OF THE 7TH |
Batavia Muckdogs batting - Pitching for Hillsboro Hops : LHP Heath Henderson
|
Now at 1B: Larry Valencia
|
|
Now at 3B: Jeremy Adams
|
|
Batting: LHB David Doge
|
0-0: Swinging Strike 0-1: Ball 1-1: Foul Ball, location: 2F 1-2: DOUBLE (Groundball, 5L, EV 95.6 MPH)
|
Batting: RHB Jeremy Dennis
|
0-0: Ball 1-0: Ball 2-0: Ball 3-0: Base on Balls
|
Batting: RHB Tony Stedman
|
0-0: Called Strike 0-1: Ball 1-1: Foul Ball, location: 2F 1-2: Ball 2-2: Ball 3-2: Base on Balls David Doge to third Jeremy Dennis to second
|
Pitching: RHP John Petersen
|
|
Batting: RHB Len Graham
|
0-0: Called Strike 0-1: Swinging Strike 0-2: TRIPLE (Line Drive, 9LD, EV 102.5 MPH) David Doge scores Jeremy Dennis scores Tony Stedman scores
|
Batting: RHB Jim Fisher
|
0-0: Called Strike 0-1: Ball 1-1: DOUBLE (Line Drive, 89D, EV 107.5 MPH) Len Graham scores
|
Batting: RHB J.D. Vander Klok
|
0-0: Ball 1-0: DOUBLE (Groundball, 5L, EV 105.6 MPH) Jim Fisher scores
|
Batting: RHB Bob Raine
|
0-0: Ball 1-0: Ball 2-0: Ball 3-0: Base on Balls
|
Batting: SHB Yoo-chul Jung
|
0-0: Called Strike 0-1: Ball 1-1: Ball 2-1: Called Strike 2-2: Foul Ball, location: 2F 2-2: Foul Ball, location: 2F 2-2: Ball 3-2: Foul Ball, location: 2F 3-2: Base on Balls J.D. Vander Klok to third Bob Raine to second
|
Pitching: RHP Rick Foster
|
|
Batting: RHB Wilson Valdez
|
0-0: Called Strike 0-1: Fly out, F8 (Flyball, 8RS, EV 81.2 MPH)
|
Batting: LHB David Doge
|
0-0: Ball 1-0: Swinging Strike 1-1: Ball 2-1: Ball 3-1: Base on Balls J.D. Vander Klok scores Bob Raine to third Yoo-chul Jung to second
|
Batting: RHB Jeremy Dennis
|
0-0: Ball 1-0: Called Strike 1-1: Swinging Strike 1-2: Strikes out swinging
|
Batting: RHB Tony Stedman
|
0-0: Foul Ball, location: 2F 0-1: Swinging Strike 0-2: Ball 1-2: Ball 2-2: Strikes out swinging
|
Top of the 7th over - 6 runs, 4 hits, 0 errors, 3 left on base; Batavia 6 - Hillsboro 2 |
BOTTOM OF THE 7TH |
Hillsboro Hops batting - Pitching for Batavia Muckdogs : RHP Mike Yorke
|
Pitching: RHP Dan Durand
|
|
Batting: RHB Larry Valencia
|
0-0: Called Strike 0-1: Ground out 1-3 (Groundball, 15, EV 69.4 MPH)
|
Batting: RHB Brandon Joshua
|
0-0: Foul Ball, location: 2F 0-1: SINGLE (Groundball, 6MD, EV 100.0 MPH)
|
Batting: LHB Soo-yeon Kym
|
0-0: Called Strike 0-1: Ball Brandon Joshua steals 2nd base 1-1: Ball 2-1: Ball 3-1: Base on Balls
|
Batting: RHB Chad Mendoza
|
0-0: Called Strike Brandon Joshua steals 3rd base Soo-yeon Kym to second 0-1: Ball 1-1: Foul Ball, location: 2F 1-2: Ball 2-2: SINGLE (Groundball, 34D, EV 101.2 MPH) Brandon Joshua scores Soo-yeon Kym to third
|
Batting: RHB Larry Hardman
|
0-0: Ball 1-0: Ball 2-0: Ball 3-0: Called Strike 3-1: Called Strike 3-2: Strikes out swinging
|
Batting: LHB Dillon Rizzuto
|
0-0: Ball 1-0: Called Strike 1-1: Ball 2-1: Ball 3-1: Swinging Strike 3-2: Foul Ball, location: 2F 3-2: Strikes out looking
|
Bottom of the 7th over - 1 run, 2 hits, 0 errors, 2 left on base; Batavia 6 - Hillsboro 3 |
TOP OF THE 8TH |
Batavia Muckdogs batting - Pitching for Hillsboro Hops : RHP Rick Foster
|
Pitching: RHP Tom Alatas
|
|
Batting: RHB Len Graham
|
0-0: Ground out 6-3 (Groundball, 6M, EV 103.1 MPH)
|
Batting: RHB Jim Fisher
|
0-0: Ball 1-0: Ball 2-0: Foul Ball, location: 2F 2-1: Ball 3-1: Base on Balls
|
Batting: RHB J.D. Vander Klok
|
0-0: Ball 1-0: Ball 2-0: Ball 3-0: Base on Balls Jim Fisher to second
|
Batting: RHB Bob Raine
|
0-0: Ball 1-0: Ball 2-0: Swinging Strike 2-1: Ball 3-1: Swinging Strike 3-2: Strikes out swinging
|
Batting: SHB Yoo-chul Jung
|
0-0: Ball 1-0: Foul Ball, location: 2F 1-1: Swinging Strike 1-2: SINGLE (Groundball, 6MD, EV 105.0 MPH) Jim Fisher to third J.D. Vander Klok to second
|
Pinch Hitting: RHB Israel Gaona
|
0-0: Called Strike 0-1: Ball 1-1: Fielders Choice at 2nd, 5-4 (Groundball, 56, EV 83.1 MPH)
|
Top of the 8th over - 0 runs, 1 hit, 0 errors, 3 left on base; Batavia 6 - Hillsboro 3 |
BOTTOM OF THE 8TH |
Hillsboro Hops batting - Pitching for Batavia Muckdogs : RHP Dan Durand
|
Now at 3B: Andy Kelly
|
|
Batting: RHB Jeremy Coffey
|
0-0: Called Strike 0-1: Swinging Strike 0-2: Ball 1-2: Ball 2-2: Foul Ball, location: 2F 2-2: Ground out 6-3 (Groundball, 6, EV 83.1 MPH)
|
Batting: RHB Yasuo Nakata
|
0-0: Ground out 5-3 (Groundball, 15, EV 80.0 MPH)
|
Batting: RHB Jeremy Adams
|
0-0: Swinging Strike 0-1: Ground out 6-3 (Groundball, 6MD, EV 108.8 MPH)
|
Bottom of the 8th over - 0 runs, 0 hits, 0 errors, 0 left on base; Batavia 6 - Hillsboro 3 |
TOP OF THE 9TH |
Batavia Muckdogs batting - Pitching for Hillsboro Hops : RHP Tom Alatas
|
Batting: LHB David Doge
|
0-0: SINGLE (Flyball, 3D, EV 91.2 MPH)
|
Batting: RHB Jeremy Dennis
|
0-0: Ball 1-0: Ball 2-0: Bunted foul 2-1: Bunt missed! 2-2: Foul Ball, location: 2F 2-2: Strikes out swinging David Doge steals 2nd base (no throw) Batter strikes out.
|
Batting: RHB Tony Stedman
|
0-0: Intentional Walk
|
Batting: RHB Len Graham
|
0-0: Called Strike 0-1: Ball 1-1: Called Strike 1-2: Foul Ball, location: 2F 1-2: Foul Ball, location: 2F 1-2: Strikes out swinging
|
Batting: RHB Jim Fisher
|
0-0: Ball 1-0: Ball 2-0: Foul Ball, location: 2F 2-1: Foul Ball, location: 2F 2-2: Foul Ball, location: 2F 2-2: Ball 3-2: TRIPLE (Line Drive, 89XD, EV 103.8 MPH) David Doge scores Tony Stedman scores
|
Batting: RHB J.D. Vander Klok
|
0-0: Called Strike 0-1: Called Strike 0-2: Ball 1-2: Ground out 6-3 (Groundball, 56, EV 90.6 MPH)
|
Top of the 9th over - 2 runs, 2 hits, 0 errors, 1 left on base; Batavia 8 - Hillsboro 3 |
BOTTOM OF THE 9TH |
Hillsboro Hops batting - Pitching for Batavia Muckdogs : RHP Dan Durand
|
Batting: RHB Larry Valencia
|
0-0: Foul Ball, location: 2F 0-1: Ground out 6-3 (Groundball, 56, EV 83.8 MPH)
|
Batting: RHB Brandon Joshua
|
0-0: SINGLE (Groundball, 5S, EV 62.5 MPH) (infield hit)
|
Batting: LHB Soo-yeon Kym
|
0-0: Ball 1-0: Ball 2-0: Foul Ball, location: 2F 2-1: Ball 3-1: Base on Balls Brandon Joshua to second
|
Batting: RHB Chad Mendoza
|
0-0: Ball 1-0: Ball 2-0: DOUBLE (Line Drive, 7LS, EV 95.0 MPH) Brandon Joshua scores Soo-yeon Kym to third
|
Batting: RHB Larry Hardman
|
0-0: Called Strike 0-1: Ball 1-1: Ball 2-1: TRIPLE (Line Drive, 8LXD, EV 108.8 MPH) Soo-yeon Kym scores Chad Mendoza scores
|
Pitching: RHP James Bitner
|
|
Batting: LHB Dillon Rizzuto
|
0-0: Called Strike 0-1: Swinging Strike 0-2: Foul Ball, location: 2F 0-2: Foul Ball, location: 2F 0-2: Ball 1-2: Foul Ball, location: 2F 1-2: Foul Ball, location: 2F 1-2: Strikes out swinging
|
Batting: RHB Jeremy Coffey
|
0-0: Ball 1-0: Foul Ball, location: 2F 1-1: Swinging Strike 1-2: DOUBLE (Groundball, 5L, EV 102.5 MPH) Larry Hardman scores
|
Batting: RHB Yasuo Nakata
|
0-0: Foul Ball, location: 2F 0-1: Ball 1-1: Swinging Strike 1-2: Foul Ball, location: 2F 1-2: Ball 2-2: Strikes out swinging passed ball, reaches first! Jeremy Coffey to third
|
Pitching: RHP Aidan Mitchell
|
|
Batting: RHB Jeremy Adams
|
0-0: Ball 1-0: Swinging Strike 1-1: 3-RUN HOME RUN (Flyball, 78XD, EV 118.1 MPH), Distance : 474 ft
|
Bottom of the 9th over - 7 runs, 5 hits, 0 errors, 0 left on base; Batavia 8 - Hillsboro 10 |
|
Game Over ... Hillsboro defeats Batavia, 10 to 8
|
|
|